 Dungeon Crawl Stone Soup version 0.30-a0-23-ge60ba3568b (webtiles) character file.

Game seed: 10776708874983067400

9347 quinnr the Destroyer (level 11, -1/100 HPs)
             Began as a Tengu Conjurer on Aug 25, 2022.
             Was a Follower of Vehumet.
             Slain by a death yak simulacrum (9 damage)
             ... in an ice cave.
             The game lasted 00:34:00 (15150 turns).

quinnr the Destroyer (Tengu Conjurer)              Turns: 15150, Time: 00:34:02

Health: -1/100     AC: 25    Str:  7 (8)  XL:     11   Next: 45%
Magic:  1/18       EV:  2    Int: 20      God:    Vehumet [*.....]
Gold:   767        SH: 10    Dex: 12 (13) Spells: 0/18 levels left

rFire   x . .      SeeInvis .    d - +2 short sword (drain)
rCold   + . .      Faith    .    q - +0 buckler
rNeg    . . .      Spirit   .    (body armour currently unavailable)
rPois   +          Reflect  +    (helmet currently unavailable)
rElec   .          Harm     .    (cloak currently unavailable)
rCorr   .          Rampage  .    (gloves currently unavailable)
Will    .....      NoTele   +    (boots unavailable)
Stlth   +++.......               a - amulet of reflection
HPRegen 0.26/turn                g - +4 ring of evasion
MPRegen 0.16/turn                C - ring of ice

@: tree-form
A: stationary, stasis, torment immunity, boosted hp, (beak), (talons 3), nimble
flight, (antennae 1), deterioration 1, dopey 1, robust 1
a: Renounce Religion


You were in an ice cave.
You worshipped Vehumet.
Vehumet was aware of your devotion.
You were a tree.
You visited 2 branches of the dungeon, and saw 12 of its levels.
You also visited: Sewer and Ice Cave.

You collected 767 gold pieces.

Inventory:

Hand Weapons
 d - a +2 short sword of draining (weapon)
Missiles
 c - 66 stones
 E - 3 throwing nets
Armour
 j - a +0 pair of gloves (melded)
 q - a +0 buckler (worn)
 A - a +2 robe
 D - a +0 cloak (melded)
 I - +0 steam dragon scales
 K - a +2 robe of willpower (melded)
Magical Staves
 i - a staff of fire
Jewellery
 a - an amulet of reflection (around neck)
 g - a +4 ring of evasion (left branch)
 o - a ring of protection from fire
 u - a +6 ring of intelligence
 C - a ring of ice (right branch)
 O - a ring of willpower
Wands
 z - a wand of mindburst (7)
 N - a wand of flame (2)
Scrolls
 l - a scroll of summoning
 n - a scroll of blinking
 p - 2 scrolls of teleportation
 s - 3 scrolls of poison
 t - a scroll of fog
 v - a scroll of enchant weapon {unknown}
 x - 2 scrolls of enchant armour {unknown}
 y - 3 scrolls of magic mapping {unknown}
 F - 3 scrolls of fear {unknown}
 G - a scroll of vulnerability {unknown}
 J - a scroll of immolation {unknown}
Potions
 b - 2 potions of magic
 e - 2 potions of heal wounds {unknown}
 f - a potion of flight {unknown}
 h - 2 potions of curing
 k - 7 potions of haste
 m - 2 potions of attraction
 r - 2 potions of brilliance
 w - a potion of cancellation
 B - 4 potions of might
 M - a potion of berserk rage


   Skills:
 + Level 4.2 Fighting
 - Level 3.0 Short Blades
 - Level 4.0 Armour
 + Level 4.2 Dodging
 - Level 5.0 Stealth
 - Level 4.0 Shields
 + Level 4.1 Spellcasting
 - Level 14.2 Conjurations
 - Level 6.0 Hexes
 + Level 4.2 Fire Magic
 - Level 4.0 Evocations


You couldn't memorise any spells.
You knew the following spells:

 Your Spells              Type           Power      Damage    Failure   Level
a - Magic Dart            Conj           100%       1d8       1%          1
b - Searing Ray           Conj           100%       2d8       1%          2
c - Dazzling Flash        Conj/Hex       88%        N/A       1%          3
d - Inner Flame           Hex/Fire       24%        N/A       6%          3
e - Fulminant Prism       Conj/Hex       22%        3d13      2%          4
f - Fireball              Conj/Fire      20%        3d10      10%         5

Your spell library contained the following spells:

 Spells                   Type           Power      Damage    Failure   Level
 Static Discharge         Conj/Air       32%        3-7/arc   1%          2
 Ensorcelled Hibernation  Hex/Ice        48%        N/A       7%          2
 Iskenderun's Mystic Bla  Conj/Tloc      32%        2d8       9%          4
 Cause Fear               Hex            14%        N/A       14%         4
 Beastly Appendage        Tmut           8%         N/A       16%         1
 Passwall                 Tmut/Erth      3%         N/A       24%         2
 Wereblood                Tmut           4%         N/A       24%         2
 Gell's Gravitas          Tloc           4%         N/A       43%         3
 Spider Form              Tmut/Pois      4%         N/A       43%         3
 Swiftness                Air            4%         N/A       43%         3
 Teleport Other           Tloc           4%         N/A       43%         3
 Starburst                Conj/Fire      20%        6d7       50%         6
 Dispersal                Tloc           2%         N/A       100%        6
 Discord                  Hex            14%        N/A       100%        8
 Ignition                 Fire           10%        3d5       100%        8


Dungeon Overview and Level Annotations

Branches:
Dungeon (11/15)            Temple (1/1) D:6           Sewer (visited)
  IceCv (1/1)
   Lair: D:8-11         Orc: D:9-12

Altars:
Ashenzari
Cheibriados
Dithmenos
Elyvilon
Fedhas
Gozag
Hepliaklqana
Kikubaaqudgha
Makhleb
Nemelex Xobeh
Okawaru
Ru
Sif Muna
Trog
Uskayaw
Vehumet
Wu Jian
Xom
Yredelemnul
Zin

Shops:
D:2 (

Annotations:
D:5 3 runed translucent doors, fingers's ghost, novice MiBe
D:11 exclusion: cyclops, Erica
Temple 2 transporters IceCv exclusions: ice statue and upstairs


Innate Abilities, Weirdness & Mutations

You are a tree.
Your roots penetrate the ground, keeping you stationary.
You cannot be teleported.
You are immune to unholy pain and torment.
Your maximum health is greatly increased.
Your equipment is partially melded.
((You have a beak for a mouth.))
((You have claws for feet.))
Your magical nature lets you fly swiftly and evasively.
((You have a pair of small antennae on your head.))
Your body sometimes deteriorates upon taking damage.
You are dopey. (Int -2)
You are robust. (+10% HP)


Message History

The searing ray hits the death yak simulacrum!
The death yak simulacrum is almost destroyed.
You finish channelling your searing ray.
You block the death yak simulacrum's attack.
Casting: Searing Ray (safe; 1% risk of failure)
Confirm with . or Enter, or press ? or * to list all spells.
You don't have enough magic to cast this spell.
You hit the death yak simulacrum but do no damage.
You claw the death yak simulacrum, but do no damage.
The death yak simulacrum is almost destroyed.
The death yak simulacrum closely misses you.
You hit the death yak simulacrum but do no damage.
You claw the death yak simulacrum, but do no damage.
The death yak simulacrum is almost destroyed.
The death yak simulacrum gores you. The death yak simulacrum freezes you!
You resist.
* * * LOW HITPOINT WARNING * * *
Your body deteriorates!
You feel clumsy.
Aiming: Throw Flame
Press: ? - help, Shift-Dir - straight line, f/p - death yak simulacrum
Aim: a death yak simulacrum (almost destroyed, 100% to hit)
The puff of flame hits the death yak simulacrum but does no damage.
The death yak simulacrum is almost destroyed.
Unknown command.
Aiming: Throw Flame
Press: ? - help, Shift-Dir - straight line, f/p - death yak simulacrum
Aim: a death yak simulacrum (almost destroyed, 100% to hit)
The puff of flame hits the death yak simulacrum.
The death yak simulacrum melts!
The death yak simulacrum is almost destroyed.
The death yak simulacrum closely misses you.
Really quaff the potion of lignification?
You turn into a tree.
Your +0 cloak melds into your body.
Your +0 pair of gloves melds into your body.
Your +2 robe of willpower melds into your body.
You feel less strong-willed.
Your roots penetrate the ground.
The death yak simulacrum gores you!
* * * LOW HITPOINT WARNING * * *
The death yak simulacrum freezes you! You resist.
You die...

#########
#....♣..#
#...∩Z..#
#.......#
#.......#
#...∩...#
##.....##
##...##
##.##
##...##


You could see a death yak simulacrum.

Vanquished Creatures
  2 two-headed ogres (D:10)
  Pikel (D:4)
  An ugly thing (IceCv)
  Joseph (D:7)
  3 polar bears (D:11)
  A hornet (D:7)
  A shadow (D:9)
  4 wyverns
  12 yaks
  2 steam dragons
  A death yak simulacrum (IceCv)
  An acid dragon (D:10)
  Edmund (D:4)
  3 water moccasins
  A black bear (D:4)
  An ice beast (D:6)
  An ogre (D:6)
  2 wolves (D:11)
  A centaur (D:7)
  2 lemures (D:4)
  3 bullfrogs
  3 necrophages
  A scorpion (D:5)
  5 wights (D:10)
  5 killer bees (D:9)
  6 howler monkeys
  3 jellies
  3 gnoll boudas
  A hound (D:5)
  Ijyb (D:4)
  3 iguanas
  6 orc wizards
  Natasha (thrice) (D:3)
  A polar bear simulacrum (IceCv)
  A wolf simulacrum (IceCv)
  23 gnolls
  11 adders
  5 river rats
  2 white imps
  2 ufetubi
  6 worms
  A dart slug (D:1)
  10 orcs
  16 ball pythons
  3 endoplasms
  A giant cockroach (D:1)
  11 goblins
  4 hobgoblins
  16 jackals
  5 kobolds
  2 quokkas (D:1)
  8 bats
  7 frilled lizards
  29 rats
249 creatures vanquished.

Vanquished Creatures (collateral kills)
  An endoplasm (D:4)
1 creature vanquished.

Vanquished Creatures (others)
  20 fulminant prisms
  23 plants (D:7)
  5 toadstools (D:6)
48 creatures vanquished.

Grand Total: 298 creatures vanquished

Notes
Turn   | Place    | Note
-------+----------+-------------------------------------------
     0 | D:1      | quinnr the Tengu Conjurer began the quest for the Orb.
     0 | D:1      | Reached XP level 1. HP: 10/10 MP: 4/4
   241 | D:1      | Reached XP level 2. HP: 15/15 MP: 0/6
   297 | D:1      | Reached skill level 6 in Conjurations
   658 | D:1      | Reached XP level 3. HP: 19/19 MP: 5/7
  1176 | D:2      | Reached skill level 1 in Short Blades
  1176 | D:2      | Reached XP level 4. HP: 24/24 MP: 4/8
  1277 | D:2      | Found Poerr's Antique Weapon Emporium.
  1341 | D:2      | Learned a level 2 spell: Searing Ray
  1345 | D:2      | Learned a level 3 spell: Dazzling Flash
  1948 | D:3      | Noticed Natasha
  1995 | D:3      | Reached skill level 7 in Conjurations
  2177 | D:3      | Gained mutation: Your magical nature lets you fly swiftly
                  | and evasively. [Tengu growth]
  2177 | D:3      | Reached XP level 5. HP: 28/28 MP: 7/9
  2975 | D:3      | Killed Natasha
  3403 | D:3      | Noticed Natasha
  3408 | D:3      | Killed Natasha
  3409 | D:3      | Reached XP level 6. HP: 23/32 MP: 4/10
  3677 | D:3      | Noticed Natasha
  3696 | D:3      | Killed Natasha
  3886 | D:4      | Noticed Edmund
  3905 | D:3      | Reached skill level 8 in Conjurations
  3972 | D:4      | Found a glowing drain.
  3981 | Sewer    | Entered a sewer
  4692 | Sewer    | Reached XP level 7. HP: 22/36 MP: 1/11
  4694 | Sewer    | Reached skill level 5 in Stealth
  4698 | Sewer    | Reached skill level 9 in Conjurations
  5033 | D:4      | Learned a level 3 spell: Inner Flame
  5044 | D:4      | Noticed Ijyb
  5056 | D:4      | Killed Ijyb
  5260 | D:4      | Noticed Pikel
  5460 | D:4      | Killed Pikel
  5461 | D:4      | Reached skill level 1 in Fighting
  5461 | D:4      | Reached skill level 1 in Shields
  5461 | D:4      | Reached skill level 1 in Hexes
  5461 | D:4      | Reached skill level 1 in Evocations
  5461 | D:4      | Reached XP level 8. HP: 38/44 MP: 0/13
  5945 | D:4      | Killed Edmund
  6829 | D:5      | Entered Level 5 of the Dungeon
  6844 | D:5      | Found a runed translucent gate.
  6844 | D:5      | Found a runed translucent gate.
  6844 | D:5      | Found a runed translucent gate.
  6845 | D:5      | Found a shimmering blue altar of Sif Muna.
  7163 | D:5      | Noticed fingers's ghost (novice MiBe)
  7364 | D:5      | Found an iron altar of Okawaru.
  7628 | D:5      | Found a hazy altar of Hepliaklqana.
  7826 | D:6      | Reached XP level 9. HP: 49/49 MP: 8/14
  7885 | D:6      | Reached skill level 10 in Conjurations
  8733 | D:6      | Found a burning altar of Makhleb.
  9027 | D:6      | Found a staircase to the Ecumenical Temple.
  9060 | Temple   | Entered the Ecumenical Temple
  9060 | Temple   | Found a transporter.
  9060 | Temple   | Found a transporter.
  9062 | Temple   | Found a transporter.
  9062 | Temple   | Found a transporter.
  9080 | Temple   | Became a worshipper of Vehumet
  9456 | D:7      | Reached skill level 1 in Armour
 10043 | D:7      | Noticed a hornet
 10162 | D:7      | Found a sacrificial altar of Ru.
 10174 | D:7      | Killed a hornet
 10310 | D:7      | Noticed Joseph
 10332 | D:7      | Killed Joseph
 10333 | D:7      | Reached skill level 11 in Conjurations
 10333 | D:7      | Reached XP level 10. HP: 21/56 MP: 0/17
 10690 | D:7      | Found a snail-covered altar of Cheibriados.
 10841 | D:7      | Identified the +0 chain mail "Esezotze" {+Inv rPois SInv}
 10990 | D:8      | Noticed a boulder beetle
 11389 | D:9      | quinnr: ??boulder beetle
 11389 | D:9      | beem: boulder beetle[1/4]: A beetle that can initiate a
                  | roll it's able to move towards its foe and is not already
                  | adjacent. Moves at speed 20 when rolling and has double
                  | melee damage (1d32->1d64). Always exits a roll after
                  | attempting a melee attack or if there's no path forward.
                  | Can also blink.
 11389 | D:9      | quinnr: ??boulder beetle[2
 11389 | D:9      | beem: boulder beetle[2/4]: Was removed from 0.19-0.25.
                  | Prior to 0.19, boulder beetles were speed 6 and had a fixed
                  | chance to start rolling per move, which pushed it to speed
                  | 14 and made them fire towards you like a non-re-directing
                  | iood for 3d20 EV-ignoring damage. Unlike ioods, they were
                  | incredibly easy to dodge.
 11389 | D:9      | quinnr: ??boulder beetle[3
 11389 | D:9      | beem: boulder beetle[3/4]: Prior to 0.19, could be
                  | reflected with shields of reflection! See: !fight donald
                  | hd:99 hp:10000 v 20 boulder beetle
 11389 | D:9      | quinnr: ??boulder beetle[3
 11389 | D:9      | beem: boulder beetle[3/4]: Prior to 0.19, could be
                  | reflected with shields of reflection! See: !fight donald
                  | hd:99 hp:10000 v 20 boulder beetle
 11751 | D:9      | HP: 3/56 [something (27)]
 12297 | D:9      | You are sucked into a shaft and drop 1 floor!
 12297 | D:10     | Entered Level 10 of the Dungeon
 12299 | D:10     | Found a hide-covered altar of Uskayaw.
 12333 | D:10     | Learned a level 4 spell: Fulminant Prism
 12352 | D:10     | Noticed a two-headed ogre
 12383 | D:10     | Killed a two-headed ogre
 12384 | D:10     | Reached skill level 12 in Conjurations
 12676 | D:9      | Reached * piety under Vehumet
 12676 | D:9      | Offered knowledge of Freeze by Vehumet.
 12857 | D:9      | Found a bloodstained altar of Trog.
 13271 | D:10     | Identified the +5 war axe "Gokla" {spect, Dex+2}
 13276 | D:10     | Reached skill level 5 in Hexes
 13283 | D:10     | Reached skill level 1 in Fire Magic
 13409 | D:10     | Reached skill level 13 in Conjurations
 13781 | D:10     | Noticed a two-headed ogre
 13842 | D:10     | Killed a two-headed ogre
 13843 | D:10     | Reached XP level 11. HP: 61/61 MP: 1/18
 14013 | D:10     | Found an ornate altar of the Wu Jian Council.
 14390 | D:11     | Found a frozen archway.
 14390 | D:11     | Noticed an ice dragon
 14408 | D:11     | Noticed Erica
 14428 | D:11     | Gained mutation: You are dopey. (Int -2) [potion of
                  | mutation]
 14428 | D:11     | Gained mutation: Your body sometimes deteriorates upon
                  | taking damage. [potion of mutation]
 14428 | D:11     | Gained mutation: You are robust. (+10% HP) [potion of
                  | mutation]
 14428 | D:11     | Gained mutation: You have a pair of small antennae on your
                  | head. [potion of mutation]
 14448 | D:11     | Noticed a cyclops
 14766 | D:11     | Reached skill level 14 in Conjurations
 14775 | IceCv    | Entered an ice cave
 15090 | IceCv    | Learned a level 5 spell: Fireball
 15107 | IceCv    | Noticed a white ugly thing
 15120 | IceCv    | Killed a white ugly thing
 15120 | IceCv    | Offered knowledge of Static Discharge by Vehumet.
 15150 | IceCv    | HP: 8/100 [death yak simulacrum (9)]
 15150 | IceCv    | Slain by a death yak simulacrum

Illustrated notes

Levels and vault maps discovered:
D:1:      lemuel_arrival_tunnels, layout_rooms
D:2:      layout_loops_ring, serial_shops, shop, nicolae_titane
D:3:      layout_loops_ring, uniq_natasha
D:4:      black_bear_nest_2, layout_basic, lightli_sewer_entry_pipes,
          uniq_edmund, uniq_pikel, uniq_ijyb
D:5:      layout_rooms, mainiacjoe_overflow_catwalk,
          kennysheep_okawaru_gauntlet, mainiacjoe_overflow_alcove_2,
          gammafunk_ghost_split, serial_curves, eino_curves_03, eino_curves_03,
          eino_curves_04
D:6:      layout_loops_cross, mainiacjoe_overflow_boulevard,
          minmay_temple_entry_enclosed_plants, minmay_gold_behind_fungi
D:7:      layout_cave_pods, old_standard_altar, overflow_temple_1_default,
          ebering_dispersal_statue_hall, kennysheep_boxes, uniq_joseph
D:8:      layout_loops_ring, mainiacjoe_overflow_surrounded_room,
          lemuel_crystal_altar, dpeg_oklobed_lair
D:9:      layout_basic, mainiacjoe_overflow_alcove_4
D:10:     layout_roguey, amcnicky_altar_gilded, marbit_many_paths
D:11:     layout_long_grid, hiddenorc2_lemuel,
          portal_ice_cave_entry_animals_and_master, uniq_erica
Temple:   hellmonk_temple_divided_pantheon
IceCv:    ice_cave_statue_garden_chambered

Skill      XL: |  1  2  3  4  5  6  7  8  9 10 11 |
---------------+----------------------------------+-----
Conjurations   | 6 7 8 9 11 13 14 | 14.2
Short Blades   | 1 2 3 |  3.0
Stealth        | 3 4 5 |  5.0
Fighting       | 1 2 4 |  4.2
Dodging        | 3 4 |  4.2
Shields        | 1 2 4 |  4.0
Hexes          | 1 2 3 5 6 |  6.0
Evocations     | 1 2 4 |  4.0
Spellcasting   | 3 4 |  4.1
Armour         | 2 4 |  4.0
Fire Magic     | 3 4 |  4.2

Action                   |  1- 3 |  4- 6 |  7- 9 | 10-12 || total
-------------------------+-------+-------+-------+-------++-------
Melee: Short sword       |     1 |    16 |    40 |    67 ||   124
       Punch             |     1 |       |       |       ||     1
       Peck              |       |     1 |     4 |    18 ||    23
       Kick              |       |     3 |    12 |    27 ||    42
       Staff             |       |       |       |     4 ||     4
 Cast: Magic Dart        |    64 |   117 |   169 |    86 ||   436
       Searing Ray       |       |    13 |    37 |    32 ||    82
       Dazzling Flash    |       |       |    15 |    13 ||    28
       Fulminant Prism   |       |       |       |    20 ||    20
Evoke: Wand              |       |       |     5 |    11 ||    16
  Use: Scroll            |       |     6 |     3 |     7 ||    16
       Potion            |       |       |     2 |     6 ||     8
 Stab: Sleeping          |       |     2 |       |     1 ||     3
       Invisible         |       |       |     6 |     4 ||    10
Armor: Robe              |     1 |     1 |     4 |    12 ||    18
       Steam dragon scal |       |       |     2 |     4 ||     6
Dodge: Dodged            |     5 |    33 |    97 |   127 ||   262
Block: Buckler           |       |       |     7 |    49 ||    56

Table legend: (Time is in decaauts)
 A = Elapsed time spent in this place.
 B = Non-inter-level travel time spent in this place.
 C = Inter-level travel time spent in this place.
 D = Time resting spent in this place.
 E = Time spent auto-exploring this place.
 F = Levels seen in this place.
 G = Mean time per level.
                   A        B        C        D        E       F      G
               +--------+--------+--------+--------+--------+-----+--------+
         Total |  14561 |  14170 |    391 |   1857 |  10342 |  14 | 1040.1 |
       Dungeon |  13312 |  12932 |    380 |   1577 |   9625 |  11 | 1210.2 |
        Temple |     31 |     20 |     11 |      0 |      4 |   1 |   31.0 |
         Sewer |    848 |    848 |      0 |      0 |    707 |   1 |  848.0 |
      Ice Cave |    368 |    368 |      0 |    280 |      5 |   1 |  368.0 |
               +--------+--------+--------+--------+--------+-----+--------+

Top non-repeatable levels by time:
     D:3: 1982 daAuts
     D:4: 1881 daAuts
    D:10: 1716 daAuts
     D:7: 1654 daAuts
     D:9: 1453 daAuts
     D:5: 1280 daAuts
     D:6: 1137 daAuts
     D:1: 975 daAuts
     D:2: 915 daAuts
   Sewer: 848 daAuts
   IceCv: 368 daAuts
    D:11: 210 daAuts
     D:8: 104 daAuts
  Temple: 31 daAuts
